AoeStats
← 极地沙尘暴

Nomad

507288935Analyzed
4v4 RM · 15d ago on Sep 17, 2026· 55m 38s· 8 players
Game mode
Random Map
Map size
231×231
Population
200
Speed
Normal
Resources
Standard
Victory
Conquest
Starting age
Dark Age
Ending age
Imperial Age
RankedLock teamsTeams togetherTeam positionsShared explorationLock speedFull tech treeHidden civsTurbo modeCheats
Victory
Defeat
🇭🇰 Mongols · Hong Kong SAR China
1489
+14
🇨🇳 Huns · China
1461
+15
🇨🇳 Persians · China
1434
+16
🇦🇷 Spanish · Argentina
1357
+18
🇨🇳 Berbers · China
1451
-17
🇪🇨 Spanish · Ecuador
1430
-16
🇨🇳 Burgundians · China
1421
-15
🇨🇳 Huns · China
1421
-15
[ECU] QUITUS
4:47 Loom
13:07 Feudal Age
16:40 Castle Age
25:53 Padded Archer Armor
28:08 Leather Archer Armor
28:43 Gold Mining
28:41 Horse Collar
29:57 Wheelbarrow
29:42 Double-Bit Axe
30:44 Bloodlines
31:22 Stone Mining
32:58 Fletching
[Fx、]AirDk
5:28 Loom
12:16 Feudal Age
15:14 Double-Bit Axe
22:18 Castle Age
21:17 Gold Mining
21:33 Stone Mining
21:43 Fishing Lines
23:04 Demolition Ship
27:57 Medium Warships
29:00 Town Watch
31:15 Fletching
34:19 Bow Saw
34:29 Bodkin Arrow
35:31 Padded Archer Armor
37:15 Leather Archer Armor
38:22 Wheelbarrow
40:16 Bloodlines
41:33 Husbandry
49:53 Fortified Wall
52:24 Gold Shaft Mining
52:50 Murder Holes
剃刀割猪头
3:50 Loom
13:19 Feudal Age
11:55 Double-Bit Axe
13:40 Horse Collar
14:15 Bow Saw
19:43 Scale Barding Armor
24:58 Castle Age
23:32 Fletching
24:18 Padded Archer Armor
26:05 Elite Skirmisher
26:45 Bodkin Arrow
27:47 Scale Mail Armor
33:20 Squires
33:34 Heavy Plow
36:03 Sanctity
38:04 Wheelbarrow
38:08 Gold Mining
41:21 Imperial Age
39:36 Hand Cart
40:15 Gold Shaft Mining
39:30 Stone Mining
40:29 Ballistics
43:05 Bracer
43:47 Burgundian Vineyards
45:17 Leather Archer Armor
45:29 Conscription
45:47 Stone Shaft Mining
46:16 Chemistry
45:57 Crop Rotation
45:25 Light Cavalry
46:08 Arson
46:40 Chain Mail Armor
46:31 Pikeman
47:54 Plate Mail Armor
48:02 Forging
47:52 Halberdier
50:07 Hoardings
49:33 Town Watch
50:42 Iron Casting
51:15 Husbandry
51:39 Chain Barding Armor
54:42 Blast Furnace
54:51 Plate Barding Armor
极地沙尘暴
4:55 Loom
13:54 Feudal Age
17:57 Castle Age
16:04 Double-Bit Axe
17:30 Horse Collar
18:33 Forging
19:15 Bow Saw
25:20 Wheelbarrow
27:32 Hand Cart
33:55 Imperial Age
32:20 Bloodlines
32:11 Husbandry
33:25 Scale Barding Armor
33:56 Iron Casting
34:08 Heavy Plow
34:00 Cavalier
35:04 Chain Barding Armor
35:16 Conscription
36:29 Plate Barding Armor
36:55 Blast Furnace
38:31 Blast Furnace
37:59 Paladin
41:44 Light Cavalry
43:29 Hussar
45:14 Marauders
45:17 Gold Mining
49:10 Thumb Ring
49:27 Fletching
49:37 Padded Archer Armor
50:37 Parthian Tactics
50:19 Bodkin Arrow
50:39 Leather Archer Armor
51:09 Heavy Cavalry Archer
52:13 Ballistics
52:53 Chemistry
52:32 Bracer
辣椒
4:39 Loom
13:36 Feudal Age
17:52 Castle Age
16:08 Horse Collar
16:34 Double-Bit Axe
17:18 Padded Archer Armor
19:12 Bow Saw
20:16 Husbandry
24:06 Wheelbarrow
29:40 Ballistics
35:09 Imperial Age
33:17 Gold Mining
33:18 Stone Mining
34:05 Heavy Plow
34:24 Forging
35:09 Scale Barding Armor
35:12 Cavalier
36:40 Bloodlines
37:25 Iron Casting
38:47 Two-Man Saw
37:52 Paladin
39:29 Chain Barding Armor
40:58 Blast Furnace
41:23 Conscription
42:32 Hand Cart
43:53 Town Watch
44:45 Stone Shaft Mining
45:13 Coinage
46:16 Plate Barding Armor
47:15 Banking
53:35 Capped Ram
113152737
5:33 Loom
12:12 Feudal Age
12:43 Double-Bit Axe
21:48 Castle Age
23:48 Fletching
27:55 Bodkin Arrow
31:17 Fishing Lines
34:31 Padded Archer Armor
34:42 Bow Saw
38:02 Wheelbarrow
39:11 Bloodlines
39:54 Leather Archer Armor
47:14 Imperial Age
48:29 Bracer
48:20 Gold Mining
49:45 Husbandry
50:14 Parthian Tactics
50:58 Conscription
52:27 Ballistics
53:08 Chemistry
53:37 Gillnets
54:27 Thumb Ring
54:59 Elite Mangudai
kunter
5:46 Loom
15:20 Feudal Age
16:22 Town Watch
16:46 Fishing Lines
19:37 Castle Age
17:55 Double-Bit Axe
19:21 Scale Barding Armor
20:26 Bow Saw
20:03 Gambesons
19:43 Pikeman
20:34 Gillnets
22:34 Scale Mail Armor
23:41 Stone Mining
25:52 Stone Shaft Mining
26:24 Wheelbarrow
27:21 Chain Mail Armor
37:23 Gold Mining
38:27 Horse Collar
45:08 Imperial Age
43:54 Bloodlines
46:04 Gold Shaft Mining
45:47 Husbandry
45:23 Heavy Camel Rider
47:40 Fletching
48:18 Kamandaran
48:45 Conscription
48:00 Crossbowman
49:01 Bodkin Arrow
48:59 Cavalier
51:20 Padded Archer Armor
52:01 Ballistics
53:23 Chemistry
52:56 Heavy Plow
53:57 Chain Barding Armor
鱼头
4:49 Loom
13:22 Feudal Age
14:16 Double-Bit Axe
18:50 Castle Age
17:12 Horse Collar
17:24 Gold Mining
18:55 Demolition Ship
19:57 Medium Warships
19:59 Bow Saw
21:04 Fletching
23:19 Wheelbarrow
24:53 Bodkin Arrow
28:10 Heavy Plow
34:05 Imperial Age
32:14 Gold Shaft Mining
32:37 Hand Cart
32:41 Husbandry
32:54 Bloodlines
33:23 Ballistics
33:31 Scale Barding Armor
34:53 Cavalier
36:07 Chain Barding Armor
36:53 Town Watch
36:42 Pikeman
37:39 Scale Mail Armor
37:50 Forging
39:26 Chain Mail Armor
39:21 Halberdier
40:03 Squires
42:54 Iron Casting
50:14 Capped Ram
54:49 Blast Furnace
Connection lost

Rejoining the realm…

Still unreachable

The connection could not be restored.

Session expired

The server has moved on; the page needs a fresh start.